 Dungeon Crawl Stone Soup version 0.30-a0-1158-gd85ba11b5a (webtiles) character file.

Game seed: 5580564878017473883

6307 tilp the Geomancer (level 11, -7/94 HPs)
             Began as a Meteoran Earth Elementalist on Apr 25, 2023.
             Was a Believer of Vehumet.
             Engulfed by an ice statue's freezing vapour (14 damage)
             ... in an ice cave.
             The game lasted 00:24:16 (4193 turns).

tilp the Geomancer (Meteoran Earth Elementalist)    Turns: 4193, Time: 00:24:16

Health: -7/94      AC:  8    Str: 10    XL:     11   Next: 38%
Magic:  0/22       EV: 14    Int: 20    God:    Vehumet [**....]
Gold:   443        SH:  0    Dex: 16    Spells: 20/24 levels left

rFire   . . .        b - +1 morningstar (drain)
rCold   + . .        (no shield)
rNeg    . . .        l - +1 leather armour {rC+}
rPois   .            v - +1 helmet
rElec   .            h - +0 cloak
rCorr   .            t - +0 pair of gloves
SInv    .            (no boots)
Will    +....        (no amulet)
Stlth   +            (no ring)
HPRegen 0.35/turn    (no ring)
MPRegen 0.18/turn

%: no passive effects
@: glowing
A: sense surroundings 2, otherworldly, glowing, explore regen
a: Renounce Religion


You were in an ice cave.
You worshipped Vehumet.
Vehumet was pleased with you.
You visited 2 branches of the dungeon, and saw 12 of its levels.
You also visited: Ice Cave.

You collected 555 gold pieces.
You spent 112 gold pieces at shops.

Inventory:

Hand Weapons
 a - a +3 flail
 b - a +1 morningstar of draining (weapon)
 m - a +0 morningstar
Missiles
 d - 50 stones
 e - 22 poisoned darts (quivered)
 n - 5 boomerangs
 C - a curare-tipped dart
 E - 6 javelins
Armour
 h - a +0 cloak (worn)
 l - a +1 leather armour of cold resistance (worn)
 t - a +0 pair of gloves (worn)
 v - a +1 helmet (worn)
 B - a +0 leather armour of poison resistance
 M - a +2 robe of the Archmagi
Wands
 q - a wand of polymorph (8)
 z - a wand of charming (9)
 I - a wand of flame (5)
Scrolls
 s - 2 scrolls of vulnerability
 u - 2 scrolls of amnesia
 y - 2 scrolls of fear
 J - a scroll of teleportation
 K - a scroll of poison
Potions
 c - 4 potions of mutation
 g - 2 potions of flight
 i - a potion of berserk rage
 j - 2 potions of resistance
 k - 4 potions of brilliance
 o - 2 potions of haste
 p - 6 potions of might
 r - 4 potions of curing
 w - a potion of degeneration {unknown}
 x - 4 potions of lignification
 A - 3 potions of heal wounds
 D - 3 potions of attraction


   Skills:
 * Level 8.0 Fighting
 * Level 4.1 Maces & Flails
 - Level 4.0 Throwing
 - Level 6.0 Dodging
 - Level 1.4 Stealth
 + Level 7.0 Spellcasting
 * Level 8.0 Conjurations
 - Level 1.2 Transmutations
 + Level 10.0 Earth Magic
 + Level 6.0 Evocations


You had 20 spell levels left.
You knew the following spells:

 Your Spells              Type           Power      Damage    Failure   Level
a - Sandblast             Erth           94%        2d19      1%          1
b - Stone Arrow           Conj/Erth      86%        3d12      1%          3

Your spell library contained the following spells:

 Spells                   Type           Power      Damage    Failure   Level
 Magic Dart               Conj           100%       1d8       1%          1
 Passwall                 Tmut/Erth      24%        N/A       1%          2
 Foxfire                  Conj/Fire      92%        2x1d8     2%          1
 Petrify                  Tmut/Erth      29%        N/A       13%         4
 Lesser Beckoning         Tloc           14%        N/A       19%         2
 Gell's Gravitas          Tloc           7%         N/A       36%         3
 Ozocubu's Armour         Ice            7%         N/A       36%         3
 Teleport Other           Tloc           7%         N/A       36%         3
 Vhi's Electric Charge    Tloc/Air       14%        N/A       36%         3
 Arcjolt                  Conj/Air       11%        1d21      56%         5
 Fireball                 Conj/Fire      11%        3d7       56%         5
 Starburst                Conj/Fire      11%        6d5       98%         6
 Plasma Beam              Fire/Air       3%         2x1d15    100%        6
 Ozocubu's Refrigeration  Ice            3%         4d8       100%        7
 Maxwell's Capacitive Co  Air            3%         ∞         100%        8


Dungeon Overview and Level Annotations

Branches:
Dungeon (11/15) Zot: 2462  Temple (1/1) D:7 Zot: 529   IceCv (1/1) Zot: 512
   Lair: D:8-11         Orc: D:9-12

Altars:
Ashenzari
Cheibriados
Dithmenos
Elyvilon
Fedhas
Gozag
Hepliaklqana
Kikubaaqudgha
Makhleb
Nemelex Xobeh
Okawaru
Qazlal
Ru
Sif Muna
Trog
Uskayaw
Vehumet
Wu Jian
Xom
Yredelemnul
Zin
The Shining One

Shops:
D:9 !(*

Annotations:
D:8 1 runed translucent door, sastreii's ghost, novice DgRe
D:9 1 runed translucent door, MrClown's ghost, journeyman DsNe IceCv exclusion: 2 ice statues


Innate Abilities, Weirdness & Mutations

You passively map the area around you.
You are easily found by Zot.
You glow in the dark.
You regain HP and MP as you explore.


Message History

Press: ? - help, Shift-Dir - straight line, f/p - ice statue
Aim: an ice statue (heavily damaged, 100% to hit)
The stone arrow hits the ice statue!
The ice statue is severely damaged.
The ice statue glitters chillingly in the dim dungeon light.
Unknown command.
Casting: Stone Arrow (safe; 1% risk of failure)
Confirm with . or Enter, or press ? or * to list all spells.
Aiming: Stone Arrow (safe; 1% risk of failure)
Press: ? - help, Shift-Dir - straight line, f/p - ice statue
Aim: an ice statue (severely damaged, 100% to hit)
The stone arrow hits the ice statue!!
The ice statue is almost destroyed.
The ice statue gestures at you. The shard of ice hits you!!
You partially resist.
* * * LOW HITPOINT WARNING * * *
Casting: Stone Arrow (safe; 1% risk of failure)
Confirm with . or Enter, or press ? or * to list all spells.
Aiming: Sandblast (safe; 1% risk of failure)
Press: ? - help, Shift-Dir - straight line, f/p - ice statue
Aim: an ice statue (almost destroyed, 100% to hit)
The blast of sand hits the ice statue but does no damage.
The ice statue is almost destroyed.
You recover from your berserk rage.
The ice statue gestures at you.
The freezing blast engulfs the ice beast.
The ice beast completely resists.
The ice statue gestures at you. The bolt of cold hits you. You resist.
* * * LOW HITPOINT WARNING * * *
Unknown command.
Casting: Sandblast (safe; 1% risk of failure)
Confirm with . or Enter, or press ? or * to list all spells.
Aiming: Sandblast (safe; 1% risk of failure)
Press: ? - help, Shift-Dir - straight line, f/p - ice statue
Aim: an ice statue (almost destroyed, 100% to hit)
The blast of sand hits the ice statue.
The ice statue is almost destroyed.
You are engulfed in freezing vapours.
You resist.
You die...

##...# ##...##
#...## #..##
##..## ##..#
####○.##
##8#☼☼..#8## *
#..@Y☼§....#
#...§☼○.......# *
*#..............#
, *
#................
*
#................*
##..............#
##...........###
##........### , *


You could see 2 ice statues and an ice beast (summoned).

Vanquished Creatures
  Erica (D:8)
  A manticore (D:11)
  Maurice (D:11)
  Maggie (D:8)
  3 rime drakes
  5 yaks (D:10)
  2 steam dragons
  2 acid dragons (D:9)
  Edmund (D:4)
  2 water moccasins (D:6)
  Duvessa (D:7)
  2 orc warriors (D:7)
  3 black bears
  3 ice beasts
  An ogre (D:4)
  2 centaurs (D:6)
  2 kobold brigands
  A bullfrog (D:7)
  3 scorpions
  Dowan (D:7)
  A howler monkey (D:7)
  4 komodo dragon simulacra (IceCv)
  A gnoll bouda (D:6)
  2 hounds
  2 jellies
  5 orc priests
  An iguana (D:4)
  7 orc wizards
  3 sleepcaps
  3 gnolls
  2 acid dragon simulacra (IceCv)
  5 adders
  A worm (D:4)
  A dart slug (D:5)
  28 orcs
  5 endoplasms
  3 giant cockroaches
  4 goblins
  6 hobgoblins
  3 jackals (D:1)
  A quokka (D:3)
  3 ball pythons
  7 bats
  2 frilled lizards
  11 kobolds
  4 rats
153 creatures vanquished.

Vanquished Creatures (collateral kills)
  An orc (D:7)
1 creature vanquished.

Vanquished Creatures (others)
  A wizard (D:4)
  2 yaks (D:10)
  2 gnolls (D:6)
  60 fungi (D:5)
65 creatures vanquished.

Grand Total: 219 creatures vanquished

Notes
Turn   | Place    | Note
-------+----------+-------------------------------------------
     0 | D:1      | tilp the Meteoran Earth Elementalist began the quest for
                  | the Orb.
     0 | D:1      | Reached XP level 1. HP: 14/14 MP: 5/5
    55 | D:1      | Reached XP level 2. HP: 22/22 MP: 4/6
    90 | D:1      | Reached skill level 1 in Fighting
   106 | D:1      | Reached skill level 4 in Earth Magic
   126 | D:1      | Reached XP level 3. HP: 28/28 MP: 1/8
   249 | D:2      | Learned a level 3 spell: Stone Arrow
   264 | D:2      | Reached XP level 4. HP: 30/36 MP: 3/9
   453 | D:4      | Reached skill level 1 in Maces & Flails
   505 | D:3      | Reached XP level 5. HP: 41/41 MP: 6/10
   509 | D:4      | Reached skill level 1 in Conjurations
   595 | D:3      | Found an ornate altar of the Wu Jian Council.
   699 | D:4      | Noticed an ogre
   701 | D:4      | Killed an ogre
   702 | D:4      | Reached skill level 5 in Earth Magic
   702 | D:4      | Reached XP level 6. HP: 50/50 MP: 4/12
   791 | D:5      | Entered Level 5 of the Dungeon
   827 | D:4      | Found a hazy altar of Hepliaklqana.
   837 | D:4      | Found a bloodstained altar of Trog.
   839 | D:4      | Noticed a wizard
   844 | D:4      | Killed a wizard
   869 | D:4      | Noticed Edmund
   875 | D:4      | Killed Edmund
   876 | D:4      | Reached XP level 7. HP: 55/57 MP: 0/13
   911 | D:4      | Reached skill level 1 in Throwing
   911 | D:4      | Reached skill level 1 in Evocations
  1035 | D:4      | Found a sparkling altar of Nemelex Xobeh.
  1341 | D:5      | Reached XP level 8. HP: 59/66 MP: 12/15
  1694 | D:5      | Found a sacrificial altar of Ru.
  1713 | D:5      | Reached skill level 6 in Earth Magic
  1867 | D:5      | Found a shimmering blue altar of Sif Muna.
  2046 | D:7      | Noticed a two-headed ogre
  2164 | D:6      | Reached skill level 5 in Spellcasting
  2164 | D:6      | Reached skill level 7 in Earth Magic
  2164 | D:6      | Gained mutation: You passively map the area around you.
                  | [Meteoran growth]
  2164 | D:6      | Reached XP level 9. HP: 71/71 MP: 11/17
  2233 | D:6      | Reached skill level 5 in Dodging
  2426 | D:6      | Reached skill level 8 in Earth Magic
  2491 | D:7      | Found a staircase to the Ecumenical Temple.
  2500 | Temple   | Entered the Ecumenical Temple
  2546 | Temple   | Became a worshipper of Vehumet
  2690 | D:7      | Noticed Dowan
  2691 | D:7      | Noticed Duvessa
  2705 | D:7      | Killed Duvessa
  2711 | D:7      | Killed Dowan
  2745 | D:7      | Found a glowing golden altar of the Shining One.
  2856 | D:7      | Reached skill level 5 in Fighting
  2856 | D:7      | Reached XP level 10. HP: 60/81 MP: 3/19
  2953 | D:8      | Reached * piety under Vehumet
  2953 | D:8      | Offered knowledge of Kiss of Death by Vehumet.
  3055 | D:9      | Found Dioggeczy's Assorted Antiques.
  3057 | D:9      | Found Pupu's Antique Weapon Shoppe.
  3113 | D:9      | Found Isirpha's Distillery.
  3116 | D:9      | Bought a potion of heal wounds for 70 gold pieces
  3116 | D:9      | Bought a potion of curing for 42 gold pieces
  3228 | D:8      | Found a runed translucent door.
  3228 | D:8      | Found a shimmering altar of Xom.
  3228 | D:8      | Noticed sastreii's ghost (novice DgRe)
  3228 | D:8      | Noticed a +2 mace of chaos
  3234 | D:8      | Reached skill level 5 in Conjurations
  3234 | D:8      | Reached skill level 5 in Evocations
  3300 | D:9      | Found a runed translucent door.
  3336 | D:9      | Noticed MrClown's ghost (journeyman DsNe)
  3336 | D:9      | Noticed a centaur warrior
  3374 | D:8      | Noticed Erica
  3375 | D:8      | Noticed Maggie
  3384 | D:8      | Killed Erica
  3385 | D:8      | Reached skill level 9 in Earth Magic
  3388 | D:8      | Killed Maggie
  3448 | D:10     | Entered Level 10 of the Dungeon
  3735 | D:10     | Reached XP level 11. HP: 51/92 MP: 0/22
  3757 | D:9      | Found a glowing silver altar of Zin.
  3983 | D:11     | Noticed Maurice
  3995 | D:11     | Killed Maurice
  4043 | D:11     | Found a frozen archway.
  4066 | D:11     | Noticed a manticore
  4071 | D:11     | Killed a manticore
  4071 | D:11     | Reached ** piety under Vehumet
  4072 | D:11     | Reached skill level 10 in Earth Magic
  4082 | D:11     | Found an ancient bone altar of Kikubaaqudgha.
  4114 | IceCv    | Entered an ice cave
  4117 | IceCv    | Offered knowledge of Magic Dart by Vehumet.
  4140 | IceCv    | Noticed an ice statue
  4140 | IceCv    | Noticed an ice statue
  4193 | IceCv    | Engulfed by an ice statue's freezing vapour

Illustrated notes

Levels and vault maps discovered:
D:1:      eino_arrival_water_cross, layout_rooms, eino_curves_02
D:2:      layout_loops_cross, uniq_robin, uniq_sigmund
D:3:      layout_loops_corners, nicolae_wu_jian_immortal_techniques,
          minmay_misc_feat_square, nicolae_titane
D:4:      layout_basic, nemelex_diamond_rough_becter, mainiacjoe_overflow_paths,
          trog_wizard, uniq_edmund
D:5:      layout_basic, mainiacjoe_overflow_catch_the_wave
D:6:      layout_basic, minmay_misc_feat_plants
D:7:      layout_rooms, mainiacjoe_overflow_surrounded_room,
          minmay_temple_entry_poolview, uniq_duvessa
D:8:      layout_rooms, ebering_ghost_xom, dk_noncrumbling_3, minivault_4,
          uniq_maggie, uniq_erica
D:9:      layout_loops_ring, lemuel_tele_altar, ebering_ghost_inner_flame,
          serial_shops, kennysheep_mini, shop, shop
D:10:     layout_basic, erik_lair_orcish_takeover, serial_co_window_serial,
          co_window_paths_b, co_window_paths_b, co_window_paths_b,
          co_window_paths_b, co_window_paths_a, co_window_broadway_b,
          co_window_2corner, co_window_2corner, co_window_sun, glass_columns_a,
          glass_columns_c, glass_columns_c, glass_columns_a, glass_columns_c,
          serial_bayou_pond_c, dreamdust_mushroom_princess, uniq_snorg
D:11:     layout_long_grid, david_orc_4, portal_ice_cave_rime,
          nicolae_kikubaaqudgha_miasma_corner, uniq_maurice
Temple:   jpeg_temple_clearing
IceCv:    ice_cave_small_dragons

Skill      XL: |  1  2  3  4  5  6  7  8  9 10 11 |
---------------+----------------------------------+-----
Fighting       | 1 2 3 4 5 7 8 |  8.0
Earth Magic    | 4 5 7 8 9 10 | 10.0
Spellcasting   | 3 4 5 6 7 |  7.0
Maces & Flails | 1 2 4 |  4.1
Dodging        | 3 4 6 |  6.0
Conjurations   | 1 2 3 4 6 8 |  8.0
Throwing       | 1 2 3 4 |  4.0
Evocations     | 1 2 4 6 |  6.0
Stealth        | |  1.4
Transmutations | |  1.2

Action                     |  1- 3 |  4- 6 |  7- 9 | 10-12 || total
---------------------------+-------+-------+-------+-------++-------
  Melee: Hand axe          |     7 |       |       |       ||     7
         Flail             |       |     2 |    25 |       ||    27
         Punch             |       |       |     3 |       ||     3
         Morningstar       |       |       |       |    16 ||    16
  Throw: Dart              |       |       |       |     1 ||     1
   Cast: Sandblast         |    39 |    25 |    62 |    39 ||   165
         Stone Arrow       |       |     5 |    51 |    64 ||   120
  Evoke: Wand              |       |     1 |     7 |     5 ||    13
    Use: Scroll            |       |     6 |     5 |     7 ||    18
         Potion            |       |       |     1 |     2 ||     3
 Armour: Robe              |    11 |     1 |       |     6 ||    18
         Leather armour    |       |       |    37 |    14 ||    51
  Dodge: Dodged            |    20 |     6 |    50 |    37 ||   113

Table legend: (Time is in decaauts)
 A = Elapsed time spent in this place.
 B = Non-inter-level travel time spent in this place.
 C = Inter-level travel time spent in this place.
 D = Time resting spent in this place.
 E = Time spent auto-exploring this place.
 F = Levels seen in this place.
 G = Mean time per level.
                   A        B        C        D        E       F      G
               +--------+--------+--------+--------+--------+-----+--------+
         Total |   4295 |   3558 |    737 |    111 |      0 |  13 |  330.4 |
       Dungeon |   4137 |   3400 |    737 |     81 |      0 |  11 |  376.1 |
        Temple |     70 |     70 |      0 |      0 |      0 |   1 |   70.0 |
      Ice Cave |     87 |     87 |      0 |     30 |      0 |   1 |   87.0 |
               +--------+--------+--------+--------+--------+-----+--------+

Top non-repeatable levels by time:
     D:4: 742 daAuts
     D:5: 713 daAuts
     D:9: 554 daAuts
     D:6: 524 daAuts
     D:7: 437 daAuts
     D:8: 380 daAuts
     D:1: 250 daAuts
     D:2: 152 daAuts
     D:3: 151 daAuts
    D:11: 133 daAuts
    D:10: 96 daAuts
   IceCv: 87 daAuts
  Temple: 70 daAuts
